 Dungeon Crawl Stone Soup version 0.25.1-2-g60ff931df9 (webtiles) character file.

Game seed: 1103317122802711084

4 lepoulpe303 the Ruffian (level 1, -1/18 (19) HPs)
             Began as a Ghoul Monk on Oct 29, 2020.
             Slain by a goblin
             ... wielding a +0 dagger
              (3 damage)
             ... on level 1 of the Dungeon.
             The game lasted 00:00:31 (66 turns).

lepoulpe303 the Ruffian (Ghoul Monk)                  Turns: 66, Time: 00:00:32

HP:   -1/18 (19)    AC:  2    Str: 14    XL:     1   Next: 60%
MP:   0/0           EV: 12    Int:  5    God:
Gold: 0             SH:  0    Dex: 11    Spells: 0/0 levels left

rFire    . . .     SeeInvis .     - Unarmed
rCold    + . .     Gourm    .   (no shield)
rNeg     + + +     Faith    .   a - +0 robe
rPois    ∞         Spirit   .   (no helmet)
rElec    .         Reflect  .   (no cloak)
rCorr    .         Harm     .   (no gloves)
MR       .....                  (no boots)
Stlth    ++........             (no amulet)
HPRegen  0.00/turn              (no ring)
MPRegen  0.07/turn              (no ring)

@: rotting
A: rotting body, claws 1, carnivore, cold resistance 1, negative energy
resistance 3, inhibited regeneration, torment resistance, unbreathing
a: no special abilities


You were on level 1 of the Dungeon.
You were not hungry.

You visited 1 branch of the dungeon, and saw 1 of its levels.

Inventory:

Armour
 a - a +0 robe (worn)
Comestibles
 e - a ration


   Skills:
 + Level 3.3 Fighting
 + Level 0.2 Armour
 + Level 2.7 Dodging
 - Level 2.1 Stealth
 * Level 3.4 Unarmed Combat


You couldn't memorise any spells.
You didn't know any spells.
Your spell library was empty.

Dungeon Overview and Level Annotations

Branches:
Dungeon (1/15)

Altars:


Innate Abilities, Weirdness & Mutations

Your body is rotting away.
You thrive on raw meat.
You are immune to poison.
You have sharp fingernails.
You are carnivorous and can eat meat at any time.
Your flesh is cold resistant. (rC+)
You are immune to negative energy. (rN+++)
You do not regenerate when monsters are visible.
You are immune to unholy pain and torment.
You can survive without breathing.


Message History

The bat misses you. The leopard gecko barely misses you.
The bat barely misses you. The jackal barely misses you.
The bat hits you but does no damage. The jackal misses you.
A giant cockroach comes into view.
The bat completely misses you. The leopard gecko closely misses you.
The bat hits you but does no damage. The jackal barely misses you.
The bat closely misses you. The jackal barely misses you.
The leopard gecko bites you.
* * * LOW HITPOINT WARNING * * *
You take 2 damage, and have 4/18 hp.
The jackal misses you. The bat closely misses you.
The bat hits you but does no damage. The jackal closely misses you.
The bat misses you. The bat misses you. The bat closely misses you.
The jackal closely misses you. The jackal bites you.
* * * LOW HITPOINT WARNING * * *
You take 2 damage, and have 2/18 hp.
The bat closely misses you. The goblin hits you with a +0 dagger.
You die...

......................
......................
......##......†.......
...............s....#
....####..†..g...#..##
....####.........##..###
..............lhhh......
.#.........#...gb....##
!##+##'##'##....@##..#
#.........#............
#.#.....#.#............
#.#.....#.#............
#....<....#............
###########..#.......##
..##.......# .!.
......#..


You could see a leopard gecko, 3 jackals, a giant cockroach, a hobgoblin, a
goblin and a bat.

Levels and vault maps discovered:
D:1:      lemuel_arrival_behind_the_door_small, layout_rooms

Notes
Turn   | Place    | Note
-------+----------+-------------------------------------------
     0 | D:1      | lepoulpe303 the Ghoul Monk began the quest for the Orb.
     0 | D:1      | Reached XP level 1. HP: 19/19 MP: 0/0
    24 | D:1      | Identified a +0 dagger
    61 | D:1      | HP: 4/18 [leopard gecko (2)]
    66 | D:1      | Slain by a goblin

Table legend:
 A = Turns spent in this place as a percentage of turns spent in the entire game.
 B = Non-inter-level travel turns spent in this place as a percentage of non-inter-level travel turns spent in the entire game.
 C = Inter-level travel turns spent in this place as a percentage of turns spent in this place.
 D = Turns resting spent in this place as a percentage of non-inter-level travel turns spent in this place.
 E = Turns spent auto-exploring this place as a percentage of non-inter-level travel turns spent in this place.
 F = Non-inter-level travel turns spent in this place divided by the number of levels of this place that you've seen.
                   A       B       C       D       E      F
               +-------+-------+-------+-------+-------+----------------------
         Total | 100.0 | 100.0 |   0.0 |   0.0 |   7.6 |  66.0
       Dungeon | 100.0 | 100.0 |   0.0 |   0.0 |   7.6 |  66.0
               +-------+-------+-------+-------+-------+----------------------

Table legend:
 A = Kills in this place as a percentage of kills in entire the game.
 B = Kills by you in this place as a percentage of kills by you in the entire game.
 C = Kills by friends in this place as a percentage of kills by friends in the entire game.
 D = Other kills in this place as a percentage of other kills in the entire game.
 E = Experience gained in this place as a percentage of experience gained in the entire game.
 F = Experience gained in this place divided by the number of levels of this place that you have seen.
                   A       B       C       D       E      F
               +-------+-------+-------+-------+-------+----------------------
         Total | 100.0 | 100.0 |   N/A |   N/A | 100.0 |   6.0
       Dungeon | 100.0 | 100.0 |   N/A |   N/A | 100.0 |   6.0
               +-------+-------+-------+-------+-------+----------------------

Action                   || total
-------------------------++-------
Melee: Unarmed           ||    16
Armor: Robe              ||    11
Dodge: Dodged            ||    67

Vanquished Creatures
  A giant cockroach (D:1)
  A jackal (D:1)
  A bat (D:1)
  A rat (D:1)
4 creatures vanquished.
